 Dungeon Crawl Stone Soup version 0.27.1-34-g3ba077fa99 (webtiles) character file.

Game seed: 4716205918722047137

971 sankara the Ruffian (level 7, -15/66 HPs)
             Began as a Troll Hunter on Jan 18, 2022.
             Demolished by an ogre (19 damage)
             ... on level 5 of the Dungeon.
             The game lasted 00:07:39 (2937 turns).

sankara the Ruffian (Troll Hunter)                  Turns: 2937, Time: 00:07:39

Health: -15/66     AC:  4    Str: 21    XL:     7   Next: 94%
Magic:  6/6        EV: 10    Int: 13    God:
Gold:   36         SH:  0    Dex: 12    Spells: 6/6 levels left

rFire    . . .     SeeInvis .     - Unarmed
rCold    . . .     Faith    .   (no shield)
rNeg     . . .     Spirit   .   b - +0 robe
rPois    .         Reflect  .   (helmet restricted)
rElec    .         Harm     .   (no cloak)
rCorr    .         Rampage  .   (gloves unavailable)
Will     .....                  (boots unavailable)
Stlth    +.........             (no amulet)
HPRegen  1.21/turn              s - +6 ring of intelligence
MPRegen  0.10/turn              (no ring)

@: no status effects
A: large, unfitting armour, claws 3, regeneration 1, shaggy fur 1, tough skin 1
a: no special abilities


You were on level 5 of the Dungeon.
You visited 1 branch of the dungeon, and saw 5 of its levels.

You collected 191 gold pieces.
You spent 155 gold pieces at shops.

Inventory:

Hand Weapons
 a - a +0 short sword
Missiles
 c - 3 large rocks (quivered)
 d - 2 throwing nets
 e - 99 stones
Armour
 b - a +0 robe (worn)
Jewellery
 s - a +6 ring of intelligence (left claw)
 w - the ring of Equilibrium {*Slow rElec rPois rCorr}
   (You bought it in a shop on level 4 of the Dungeon)

   [ring of poison resistance]

   rElec:     It insulates you from electricity.
   rPois:     It protects you from poison.
   rCorr:     It protects you from acid and corrosion.
   *Slow:     It may slow you when you take damage.
Wands
 u - a wand of iceblast (8)
Scrolls
 f - a scroll of fog {unknown}
 g - a scroll of amnesia {unknown}
 i - a scroll of enchant weapon {unknown}
 k - 7 scrolls of identify {unknown}
 l - 2 scrolls of holy word {unknown}
 m - a scroll of blinking {unknown}
 o - 4 scrolls of teleportation {unknown}
 q - a scroll of acquirement {unknown}
Potions
 h - a potion of ambrosia {unknown}
 j - a potion of curing {unknown}
 n - a potion of heal wounds {unknown}
 p - a potion of lignification {unknown}
 r - a potion of attraction {unknown}
 t - a potion of degeneration {unknown}
 v - a potion of might {unknown}


   Skills:
 + Level 2.8 Fighting
 + Level 5.5 Throwing
 + Level 2.8 Dodging
 - Level 0.3 Stealth
 * Level 6.5 Unarmed Combat


You had 6 spell levels left.
You didn't know any spells.
Your spell library contained the following spells:

 Spells                   Type           Power      Damage    Failure   Level
 Sublimation of Blood     Necr           0%         N/A       43%         2
 Wereblood                Tmut           0%         N/A       43%         2
 Summon Hydra             Summ           0%         N/A       100%        7


Dungeon Overview and Level Annotations

Branches:
Dungeon (5/15)
 Temple: D:4-7

Altars:
Dithmenos
Elyvilon
Kikubaaqudgha
Uskayaw
Vehumet

Shops:
D:3 [   D:4 *

Annotations:
D:3 2 transporters, multipassport's ghost, amateur KoVM


Innate Abilities, Weirdness & Mutations

You are too large for most types of armour.
You have claws for hands.
Your natural rate of healing is unusually fast.
You are covered in fur. (AC +1)
You have tough skin. (AC +1)


Message History

You see here a +0 ring mail.
k - 7 scrolls labelled HOTOWNIXZO (gained 1)
A dart slug comes into view.
A dart slug is nearby!
A dart slug is nearby!
An ogre comes into view. It is wielding a +0 giant club.
Found a stone staircase leading down.
The dart slug launches a dart at you. The slug dart hits you.
You scratch the dart slug.
The dart slug is heavily wounded.
The ogre shouts!
You claw the dart slug!
You kill the dart slug!
Found a fuming grey potion and a Trismegistus Codex.
You claw the ogre!
The ogre is moderately wounded.
The ogre hits you with a +0 giant club!!
You barely miss the ogre.
The ogre is moderately wounded.
You claw the ogre!
The ogre is severely wounded.
The ogre hits you with a +0 giant club!!
You are too injured to fight recklessly!
You are too injured to fight recklessly!
You are too injured to fight recklessly!
Throw: 5 large rocks
Press: ? - help, Q - select action, (/) - cycle Shift-Dir - straight line, f - ogre
Aim: an ogre, wielding a +0 giant club (severely wounded, 75% to hit)
You throw a large rock. The large rock barely misses the ogre.
The ogre hits you with a +0 giant club!!
* * * LOW HITPOINT WARNING * * *
Throw: 4 large rocks
Press: ? - help, Q - select action, (/) - cycle Shift-Dir - straight line, f/p - ogre
Aim: an ogre, wielding a +0 giant club (severely wounded, 75% to hit)
You throw a large rock. The large rock hits the ogre.
The ogre is severely wounded.
The ogre misses you.
The ogre hits you with a +0 giant club!!
You die...

####### ########
.......## ###.).....
........# #...######
........#############..##
#
:....................[.#
!.....(.....O@.........#
........†#############.#.
.........# # #.#.
........>. ....#.# #
........... ....##.####
........#### #.........
####....# ###..... ......
........... ##.########


You could see an ogre.

Vanquished Creatures
  Duvessa (D:4)
  An orc warrior (D:3)
  A sky beast (D:4)
  A necrophage (D:5)
  A black bear (D:2)
  2 phantoms
  Dowan (D:4)
  A hound (D:4)
  2 orc priests
  2 bullfrog skeletons
  An orc wizard (D:4)
  A hound skeleton (D:2)
  4 adders
  2 adder skeletons (D:4)
  2 dart slugs
  A worm (D:3)
  7 orcs
  7 ball pythons
  5 endoplasms
  A giant cockroach (D:4)
  8 goblins
  5 hobgoblins
  3 jackals (D:3)
  5 kobolds
  3 quokkas
  4 bats
  5 frilled lizards
  8 rats
85 creatures vanquished.

Vanquished Creatures (others)
  3 fungi (D:4)
3 creatures vanquished.

Grand Total: 88 creatures vanquished

Notes
Turn   | Place    | Note
-------+----------+-------------------------------------------
     0 | D:1      | sankara the Troll Hunter began the quest for the Orb.
     0 | D:1      | Reached XP level 1. HP: 19/19 MP: 0/0
   161 | D:1      | Reached skill level 1 in Unarmed Combat
   185 | D:1      | Reached XP level 2. HP: 27/27 MP: 1/1
   538 | D:2      | Noticed a black bear
   552 | D:2      | Killed a black bear
   553 | D:2      | Reached skill level 3 in Unarmed Combat
   553 | D:2      | Reached XP level 3. HP: 33/33 MP: 2/2
   553 | D:2      | Reached XP level 4. HP: 41/41 MP: 3/3
   693 | D:2      | Found an ancient bone altar of Kikubaaqudgha.
   907 | D:3      | Reached XP level 5. HP: 45/48 MP: 4/4
   954 | D:3      | Found a transporter.
  1071 | D:3      | Noticed multipassport's ghost (amateur KoVM)
  1072 | D:3      | Found a transporter.
  1210 | D:3      | Reached skill level 4 in Unarmed Combat
  1265 | D:3      | Found Koplyr's Armour Shop.
  1695 | D:4      | Noticed Duvessa
  1695 | D:4      | Noticed Dowan
  1701 | D:4      | Killed Duvessa
  1702 | D:4      | Reached XP level 6. HP: 32/55 MP: 5/5
  1709 | D:4      | Killed Dowan
  1710 | D:4      | Reached skill level 5 in Unarmed Combat
  1755 | D:4      | Noticed an orc warrior
  1779 | D:3      | Killed an orc warrior
  1780 | D:3      | Reached skill level 5 in Throwing
  1917 | D:4      | Reached XP level 7. HP: 58/65 MP: 6/6
  1957 | D:4      | Found a shadowy altar of Dithmenos.
  2012 | D:4      | Found a hide-covered altar of Uskayaw.
  2044 | D:4      | Found a radiant altar of Vehumet.
  2062 | D:4      | Reached skill level 6 in Unarmed Combat
  2428 | D:4      | Found a white marble altar of Elyvilon.
  2495 | D:4      | Found Gedo's Assorted Antiques.
  2504 | D:4      | Bought a smoking glass ring for 155 gold pieces
  2504 | D:4      | Identified the ring of Equilibrium {*Slow rElec rPois
                  | rCorr} (You bought it in a shop on level 4 of the Dungeon)
  2758 | D:5      | Entered Level 5 of the Dungeon
  2936 | D:5      | HP: 1/66 [ogre (30)]
  2937 | D:5      | Demolished by an ogre

Illustrated notes

Levels and vault maps discovered:
D:1:      ncdulo_halloftheorcs, layout_rooms
D:2:      layout_rooms, basic_altar, minmay_tripent
D:3:      layout_basic, gammafunk_ghost_arena, serial_shops, shop_statue,
          kennysheep_donut
D:4:      layout_loops_ring, mainiacjoe_overflow_two_lobes,
          mainiacjoe_overflow_chevrons, grunt_dithmenos_smoke, serial_shops,
          nicolae_shop_trees, uniq_duvessa
D:5:      minmay_recursive_quarters, layout_basic, chei_slow_surprise

Skill      XL: |  1  2  3  4  5  6  7 |
---------------+----------------------+-----
Unarmed Combat | 1 3 4 5 6 |  6.5
Throwing       | 4 5 |  5.5
Fighting       | 2 |  2.8
Dodging        | 2 |  2.8
Stealth        | |  0.3

Action                   |  1- 3 |  4- 6 |  7- 9 || total
-------------------------+-------+-------+-------++-------
Melee: Unarmed           |    50 |   120 |    70 ||   240
       Short sword       |     1 |       |       ||     1
       Punch             |     1 |     3 |     2 ||     6
Throw: Large rock        |     2 |     6 |     2 ||    10
       Stone             |       |     7 |       ||     7
 Stab: Sleeping          |       |     1 |     3 ||     4
Armor: Robe              |    27 |    26 |    14 ||    67
Dodge: Dodged            |    26 |    49 |    21 ||    96
